 Dungeon Crawl Stone Soup version 0.27-a0-1101-ge311f74bc8 (webtiles) character file.

Game seed: 11192961980518499365

44 siradein the Slasher (level 3, -5/30 HPs)
             Began as a Minotaur Gladiator on Apr 28, 2021.
             Blown up by Ijyb (32 damage)
             ... with a mindburst bolt
             ... on level 2 of the Dungeon.
             The game lasted 00:02:09 (1266 turns).

siradein the Slasher (Minotaur Gladiator)           Turns: 1266, Time: 00:02:09

Health: -5/30      AC:  3    Str: 18    XL:     3   Next: 41%
Magic:  2/2        EV: 12    Int:  5    God:
Gold:   85         SH:  0    Dex: 12    Spells: 2/2 levels left

rFire    . . .     SeeInvis .   a - +0 long sword
rCold    . . .     Faith    .   (no shield)
rNeg     . . .     Spirit   .   b - +0 leather armour
rPois    .         Reflect  .   (helmet restricted)
rElec    .         Harm     .   (no cloak)
rCorr    .         Rampage  .   (no gloves)
Will     .....                  (no boots)
Stlth    +.........             (no amulet)
HPRegen  0.10/turn              (no ring)
MPRegen  0.08/turn              (no ring)

@: no status effects
A: horns 2, retaliatory headbutt
a: no special abilities


You were on level 2 of the Dungeon.
You visited 1 branch of the dungeon, and saw 2 of its levels.

You collected 85 gold pieces.

Inventory:

Hand Weapons
 a - a +0 long sword (weapon)
Missiles
 d - 3 throwing nets (quivered)
Armour
 b - a +0 leather armour (worn)
Scrolls
 f - a scroll of blinking {unknown}
 g - a scroll of fear {unknown}
 h - a scroll of identify {unknown}
 i - a scroll of acquirement {unknown}
 j - a scroll of noise {unknown}
 k - a scroll of fog {unknown}
Potions
 e - a potion of curing {unknown}


   Skills:
 - Level 2.4 Fighting
 + Level 5.4 Long Blades
 - Level 2.0 Throwing
 - Level 3.2 Dodging


You had 2 spell levels left.
You didn't know any spells.
Your spell library was empty.

Dungeon Overview and Level Annotations

Branches:
Dungeon (2/15)

Altars:

Annotations:
D:2 Ijyb


Innate Abilities, Weirdness & Mutations

You have a pair of horns on your head.
You reflexively headbutt those who attack you in melee.


Message History

You climb downwards.
Level annotation: Ijyb A rat comes into view.
There is a stone staircase leading up, spattered with blood here.
You climb upwards.
There is a stone staircase leading down here.
You climb downwards.
Level annotation: Ijyb The rat bites you but does no damage.
There is a stone staircase leading up, spattered with blood here.
The rat barely misses you. You furiously retaliate!
You headbutt the rat, but do no damage.
You climb upwards.
There is a stone staircase leading down here.
The rat barely misses you.
You riposte.
You hit the rat.
You kill the rat!
You climb downwards.
Level annotation: Ijyb
There is a stone staircase leading up, spattered with blood here.
You climb upwards.
There is a stone staircase leading down here.
You climb downwards.
Level annotation: Ijyb
There is a stone staircase leading up, spattered with blood here.
You climb upwards.
There is a stone staircase leading down here.
You climb downwards.
Level annotation: Ijyb Ijyb zaps a wand.
You barely resist.
There is a stone staircase leading up, spattered with blood here.
You climb upwards.
There is a stone staircase leading down here.
You climb downwards.
Level annotation: Ijyb Ijyb zaps a wand.
You barely resist.
There is a stone staircase leading up, spattered with blood here.
Ijyb hits you with a +0 dagger.
You closely miss Ijyb.
Ijyb zaps a wand.
Your mind is blasted!
Ouch! That really hurt!
You die...

..# .. ..#####
#.##.#... #....... #
#.#.#..##.#
#.#<#.....
########.#.#..# #
.........(.@g.##.#
..........<#.....#
.###................
#!......#.#.###......
#..######.#.# .#....
#. #.#.# . ... #.#.#
.. 8. ..#.. .# .
#.### .#


You could see Ijyb.

Vanquished Creatures
  Terence (D:1)
  A ball python (D:2)
  An endoplasm (D:1)
  2 giant cockroaches (D:1)
  A goblin (D:1)
  2 hobgoblins (D:1)
  4 jackals (D:1)
  2 quokkas (D:1)
  2 kobolds (D:1)
  3 rats (D:1)
19 creatures vanquished.

Notes
Turn   | Place    | Note
-------+----------+-------------------------------------------
     0 | D:1      | siradein the Minotaur Gladiator began the quest for the
                  | Orb.
     0 | D:1      | Reached XP level 1. HP: 18/18 MP: 0/0
   185 | D:1      | Reached skill level 4 in Long Blades
   242 | D:1      | Reached XP level 2. HP: 21/25 MP: 1/1
  1024 | D:2      | Noticed Terence
  1040 | D:1      | Killed Terence
  1041 | D:1      | Reached skill level 5 in Long Blades
  1041 | D:1      | Reached XP level 3. HP: 26/30 MP: 2/2
  1068 | D:2      | Noticed Ijyb
  1266 | D:2      | Blown up by Ijyb

Illustrated notes

Levels and vault maps discovered:
D:1:      giann_horns, layout_basic, chequers_serial_rivers_micro_a
D:2:      kennysheep_the_goblin_king, layout_loops_ring, uniq_terence,
          uniq_robin

Skill      XL: |  1  2 |
---------------+-------+-----
Long Blades    | 4 5 |  5.4
Fighting       | |  2.4
Throwing       | |  2.0
Dodging        | |  3.2

Action                   || total
-------------------------++-------
Melee: Long sword        ||    31
       Headbutt          ||    10
Armor: Leather armour    ||    11
Dodge: Dodged            ||    29
       Rpst.: Long sword ||     6

Table legend: (Time is in decaauts)
 A = Elapsed time spent in this place.
 B = Non-inter-level travel time spent in this place.
 C = Inter-level travel time spent in this place.
 D = Time resting spent in this place.
 E = Time spent auto-exploring this place.
 F = Levels seen in this place.
 G = Mean time per level.
                   A        B        C        D        E       F      G
               +--------+--------+--------+--------+--------+-----+--------+
         Total |   1282 |   1228 |     54 |    156 |    909 |   2 |  641.0 |
       Dungeon |   1282 |   1228 |     54 |    156 |    909 |   2 |  641.0 |
               +--------+--------+--------+--------+--------+-----+--------+

Top non-repeatable levels by time:
     D:1: 1213 daAuts
     D:2: 68 daAuts
